 Dungeon Crawl Stone Soup version 0.31-a0-702-gf82c85558f (webtiles) character file.

Game seed: 18081652553340360273

109 qw the Shooter (level 4, -1/28 HPs)
             Began as a Gargoyle Hunter on Sept 8, 2023.
             Slain by an adder (3 damage)
             ... on level 2 of the Dungeon.
             The game lasted 00:00:20 (954 turns).

qw the Shooter (Gargoyle Hunter)                     Turns: 954, Time: 00:00:21

Health: -1/28      AC:  6    Str: 15    XL:     4   Next: 89%
Magic:  4/4        EV: 11    Int:  9    God:
Gold:   78         SH:  0    Dex: 15    Spells: 3/3 levels left

rFire   . . .        Y - +0 shortbow
rCold   . . .        (shield currently unavailable)
rNeg    + . .        c - +0 leather armour
rPois   inf          (no helmet)
rElec   +            (no cloak)
rCorr   .            (no gloves)
SInv    .            (no boots)
Will    .....        g - amulet of faith
Stlth   ++           (no ring)
HPRegen 0.24/turn    (no ring)
MPRegen 0.09/turn

%: faith
@: no status effects
A: sickness immunity, AC +3, negative energy resistance 1, electricity
resistance, torment resistance 1, petrification resistance
a: no special abilities


You were on level 2 of the Dungeon.
You visited 1 branch of the dungeon, and saw 2 of its levels.

You collected 78 gold pieces.


Innate Abilities, Weirdness & Mutations

You are immune to sickness and miasma.
Your stone body is resilient. (AC +3)
You are immune to poison.
You resist negative energy. (rN+)
You are resistant to electric shocks. (rElec)
You are resistant to unholy torment.
You are immune to petrification.


   Skills:
 - Level 3.0 Fighting
 + Level 5.7 Ranged Weapons
 - Level 1.5 Dodging
 - Level 1.1 Stealth


You had 3 spell levels left.
You didn't know any spells.
Your spell library was empty.

Inventory:

Hand Weapons
 Y - a +0 shortbow (weapon)
Armour
 c - a +0 leather armour (worn)
Jewellery
 g - an amulet of faith (around neck)
Scrolls
 e - a scroll of identify
Potions
 i - a potion of heal wounds {unknown}

Dungeon Overview and Level Annotations

Branches:
Dungeon (2/15)

Altars:


Message History

Enter note:
943 |||
Found retreat position at -1,0 (floor) with 0 blocking monsters and 1 monsters attacking at destination at distance 1
943 ||| Stepping ~*~*~tactically~*~*~ (retreating).
The scorpion attacks as it pursues you! The scorpion stings you.
You shoot an arrow. The arrow barely misses the scorpion.
The scorpion stings you.
Enter note: You shoot an arrow.
The arrow hits the scorpion!
The scorpion is severely wounded.
The scorpion stings you but does no damage.
The scorpion closely misses you.
You shoot an arrow. The arrow closely misses the scorpion.
The arrow barely misses the adder.
The scorpion stings you but does no damage.
You shoot an arrow. The arrow hits the scorpion.
The scorpion is almost dead.
The scorpion stings you. x2
You shoot an arrow. The arrow closely misses the scorpion.
The arrow closely misses the adder.
The scorpion barely misses you.
You shoot an arrow. The arrow barely misses the scorpion.
The arrow hits the adder.
The adder is lightly wounded.
The scorpion stings you. x2
You shoot an arrow. The arrow closely misses the scorpion.
The arrow misses the adder.
The scorpion barely misses you.
You shoot an arrow. The arrow barely misses the scorpion.
The arrow closely misses the adder.
The scorpion stings you. The scorpion barely misses you.
You shoot an arrow. The arrow hits the scorpion.
You kill the scorpion!
The adder closely misses you.
You have reached level 4!
You feel stronger.
You shoot an arrow. The arrow closely misses the adder.
The adder bites you.
You shoot an arrow. The arrow hits the adder.
The adder is moderately wounded.
The adder bites you but does no damage. The adder bites you.
You die...

## #................ +..
#######..........
..##.###########..........
...............'.)........
####....########..........
####.# #.......... #.##
#.......... #..####
########### ##.@S.#
####.## #..## ##S.# ##.##
#.|##########
##.....%..... #..[..s.....
##..........


You could see an adder.

Vanquished Creatures
  A scorpion (D:2)
  2 adders (D:2)
  A dart slug (D:1)
  2 ball pythons
  3 bats
  2 endoplasms
  2 giant cockroaches (D:1)
  A goblin (D:1)
  3 hobgoblins (D:1)
  2 jackals (D:2)
  2 quokkas (D:1)
  3 frilled lizards
  2 kobolds
  4 rats (D:1)
30 creatures vanquished.

Notes
Turn   | Place    | Note
-------+----------+-------------------------------------------
     0 | D:1      | qw the Gargoyle Hunter began the quest for the Orb.
     0 | D:1      | Reached XP level 1. HP: 12/12 MP: 1/1
     0 | D:1      | 0 ||| qw: Version: 0.3-a-76-g4403597
     0 | D:1      | 0 ||| qw: Game counter: 1055
     0 | D:1      | 0 ||| qw: Melee chars always use a shield: true
     0 | D:1      | 0 ||| qw: God list: Okawaru
     0 | D:1      | 0 ||| qw: Allow faded altars: false
     0 | D:1      | 0 ||| qw: Do Orc after clearing Dungeon:15 true
     0 | D:1      | 0 ||| qw: Do second Lair branch before Depths: true
     0 | D:1      | 0 ||| qw: Lair rune preference: random
     0 | D:1      | 0 ||| qw: Goals: Normal
     0 | D:1      | 0 ||| PLANNING D:1-11
   216 | D:1      | Reached XP level 2. HP: 17/17 MP: 2/2
   627 | D:1      | Reached XP level 3. HP: 21/21 MP: 3/3
   762 | D:1      | 762 ||| UPGRADING to amulet of faith.
   767 | D:1      | 767 ||| READING scroll labelled DUQIHO XUNK.
   768 | D:1      | 768 ||| READING 3 scrolls labelled ISUSSUULYZ.
   769 | D:1      | 769 ||| READING scroll labelled ZOINTECLEG.
   774 | D:1      | 774 ||| READING scroll labelled UTHRIU OPUZU.
   775 | D:1      | 775 ||| READING 2 scrolls of identify.
   775 | D:1      | 775 ||| IDENTIFYING puce potion
   776 | D:1      | 776 ||| DROPPING scroll of butterflies.
   777 | D:1      | 777 ||| DROPPING potion of degeneration.
   876 | D:2      | Reached skill level 5 in Ranged Weapons
   931 | D:2      | Noticed a scorpion
   932 | D:2      | Reached skill level 3 in Fighting
   933 | D:2      | 933 ||| RETREATING.
   936 | D:2      | 936 ||| Stepping ~*~*~tactically~*~*~ (retreating).
   942 | D:2      | 942 ||| Stepping ~*~*~tactically~*~*~ (retreating).
   943 | D:2      | 943 ||| Stepping ~*~*~tactically~*~*~ (retreating).
   949 | D:2      | HP: 4/23 [scorpion (2)]
   952 | D:2      | Killed a scorpion
   953 | D:2      | Reached XP level 4. HP: 5/28 MP: 4/4
   954 | D:2      | Slain by an adder

Levels and vault maps discovered:
D:1:      dpeg_arrival_court, layout_loops_ring
D:2:      layout_basic, minmay_misc_feat_nine_boxes

Skill      XL: |  1  2  3 |
---------------+----------+-----
Ranged Weapons | 5 |  5.7
Fighting       | 3 |  3.0
Dodging        | |  1.5
Stealth        | |  1.1

Action                     |  1- 3 |  4- 6 || total
---------------------------+-------+-------++-------
   Fire: Shortbow          |    71 |     2 ||    73
    Use: Scroll            |     5 |       ||     5
 Armour: Leather armour    |    18 |     3 ||    21
  Dodge: Dodged            |    10 |       ||    10

Table legend:
 A = Non-vault XP
 B = Vault XP
 C = Vault XP percentage of total XP
 D = Non-vault monster count
 E = Vault monster count
 F = Vault count percentage of total count
                 A         B        C        D         E       F
            +---------+---------+-------+---------+---------+-------
      Total |     156 |       0 |   0.0 |      30 |       0 |   0.0
            +---------+---------+-------+---------+---------+-------
        D:1 |      35 |       0 |   0.0 |      20 |       0 |   0.0
        D:2 |     121 |       0 |   0.0 |      10 |       0 |   0.0
            +---------+---------+-------+---------+---------+-------
